 Dungeon Crawl Stone Soup version 0.29.1-2-gbd0b4ee654 (webtiles) character file.

Game seed: 7567895933572130219

3138 avis the Cleaver (level 9, -1/105 (118) HPs)
             Began as a Hill Orc Monk on Oct 28, 2022.
             Was a Priest of Beogh.
             Slain by an ice beast (6 damage)
             ... on level 8 of the Dungeon.
             The game lasted 00:45:58 (10603 turns).

avis the Cleaver (Hill Orc Monk)                   Turns: 10603, Time: 00:45:59

HP:   -1/105 (118)  AC: 24    Str: 18    XL:     9   Next: 92%
MP:   5/14          EV:  2    Int: 10    God:    Beogh [***...]
Gold: 56            SH:  0    Dex: 13    Spells: 8/8 levels left

rFire   . . .      SeeInvis .   a - +0 hand axe (vorpal)
rCold   . . .      Faith    .   (no shield)
rNeg    . . .      Spirit   .   (body armour currently unavailable)
rPois   +          Reflect  .   (helmet currently unavailable)
rElec   .          Harm     .   (cloak currently unavailable)
rCorr   .          Rampage  .   (gloves currently unavailable)
Will    .....      NoTele   +   (boots currently unavailable)
Stlth   ++........              X - amulet of magic regeneration
HPRegen 0.27/turn               P - +4 ring of evasion
MPRegen 0.54/turn               L - ring of poison resistance

@: tree-form, hasted, heavily drained, very quick
A: stationary, stasis, torment immunity, boosted hp
a: Renounce Religion, Smiting


You were on level 8 of the Dungeon.
You worshipped Beogh.
Beogh was most pleased with you.
You were a tree.
You visited 2 branches of the dungeon, and saw 9 of its levels.

You collected 350 gold pieces.
You spent 294 gold pieces at shops.

Inventory:

Hand Weapons
 a - a +0 vorpal hand axe (weapon)
 b - a +0 shortbow
 f - a +2 spear of venom
 l - a +0 spear
 n - a +0 halberd
 N - a +2 short sword of protection
 Q - a +1 short sword of holy wrath
 R - a +1 vampiric dagger
 S - a +0 trident
 V - a +0 halberd
 W - a +0 trident
 Y - a +1 dagger of electrocution
 Z - a +4 war axe
Missiles
 d - 6 boomerangs
 x - 30 poisoned darts (quivered)
Armour
 i - a +0 chain mail
 z - a +0 helmet (melded)
 O - a +0 chain mail
 U - the +5 chain mail of Fortification (melded) {rN+ Will+ MP-9}
   (You bought it in a shop on level 7 of the Dungeon)

   rN:        It protects you from negative energy.
   MP:        It affects your magic capacity (-9).
   Will:      It increases your willpower.
Magical Staves
 I - a staff of fire
Jewellery
 o - an amulet of guardian spirit
 A - a +4 ring of evasion
 D - a ring of positive energy
 J - a +4 ring of protection
 L - a ring of poison resistance (right branch)
 P - a +4 ring of evasion (left branch)
 X - an amulet of magic regeneration (around neck)
Wands
 y - a wand of mindburst (10)
 F - a wand of quicksilver (7)
Scrolls
 g - 3 scrolls of magic mapping {unknown}
 j - 2 scrolls of vulnerability {unknown}
 k - a scroll of torment {unknown}
 m - a scroll of acquirement {unknown}
 p - a scroll of enchant armour {unknown}
 r - 4 scrolls of summoning {unknown}
 s - a scroll of noise {unknown}
 t - a scroll of fear {unknown}
 u - 5 scrolls of teleportation {unknown}
 v - 2 scrolls of butterflies {unknown}
 w - a scroll of brand weapon {unknown}
 B - a scroll of immolation {unknown}
 C - a scroll of blinking {unknown}
 H - 2 scrolls of amnesia {unknown}
 T - a scroll of poison {unknown}
Potions
 c - a potion of lignification
 h - 2 potions of brilliance
 E - a potion of degeneration
 G - a potion of flight {unknown}
 M - a potion of might {unknown}
Miscellaneous
 K - a piece from Xom's chessboard (15/15)


   Skills:
 + Level 7.5 Fighting
 - Level 14.0 Axes
 * Level 4.1 Dodging
 - Level 1.5 Stealth
 * Level 6.8 Invocations


You had 8 spell levels left.
You didn't know any spells.
Your spell library contained the following spells:

 Spells                   Type           Power      Damage    Failure   Level
 Conjure Flame            Conj/Fire      0%         6-21      75%         3
 Ignite Poison            Fire/Tmut/Pois 0%         N/A       75%         3
 Portal Projectile        Hex/Tloc       0%         N/A       75%         3
 Tukima's Dance           Hex            0%         N/A       75%         3
 Sticky Flame             Conj/Fire      0%         2d3       98%         4
 Blade Hands              Tmut           0%         N/A       100%        5
 Yara's Violent Unravell  Hex/Tmut       0%         3d3       100%        5
 Dragon Form              Tmut           0%         N/A       100%        7
 Necromutation            Tmut/Necr      0%         N/A       100%        8


Dungeon Overview and Level Annotations

Branches:
Dungeon (8/15)             Temple (1/1) D:4
   Lair: D:8-11

Altars:
Ashenzari
Cheibriados
Dithmenos
Elyvilon
Hepliaklqana
Makhleb
Nemelex Xobeh
Okawaru
Qazlal
Ru
Sif Muna
Trog
Uskayaw
Wu Jian
Xom
Zin

Shops:
D:7 [


Message History

Here: an orc warrior, wielding a +0 glaive and wearing a +0 plate armour (lightly wounded, friendly)
The floor.
You slash the wight!
You destroy the wight!
Beogh accepts your kill.
Okay, then.
The wight hits you but does no damage.
The acid dragon bites you but does no damage.
The acid dragon claws you but does no damage.
Your orc warrior hits the wight from afar with a +0 glaive.
Things that are here:
a +0 hand axe; a +0 leather armour; an orc corpse Really quaff the potion of lignification?
You turn into a tree.
Your +0 helmet melds into your body.
The +5 chain mail of Fortification {rN+ Will+ MP-9} melds into your body.
You feel your magic capacity increase.
Your roots penetrate the ground.
You hit the acid dragon.
The acid dragon is moderately wounded.
You hit the wight. The wight hits you with a +0 spear!
* * * LOW HITPOINT WARNING * * *
You feel drained.
* * * LOW HITPOINT WARNING * * *
The acid dragon bites you but does no damage.
The acid dragon claws you but does no damage.
Your orc warrior hits the wight from afar with a +0 glaive!
The wight is destroyed!
Beogh accepts your kill.
Your orc warrior looks more experienced.
You slash the ice beast!
The ice beast is moderately wounded.
You hit the acid dragon.
Unknown command.
You hit the ice beast.
The ice beast is heavily wounded.
You hit the acid dragon but do no damage.
Your orc warrior barely misses the acid dragon.
The ice beast hits you.
* * * LOW HITPOINT WARNING * * *
The ice beast freezes you.
You die...

.....## ....### ......P
#.$.....#.. .~.....
#........... ~P....D
#......$.... ≈~~....
#........... ≈≈≈....###
#...........
≈≈≈~P..<.###...........
≈≈≈≈~~.?.)))...........
~≈≈≈S~...###.)♣........
~≈~~≈~.......DY........
...~~....###...o.......
...P.....# #..##......#
.......### ##.. .#..#..
#..#.## #...##....# ..
.... ...# ..### ...
...# ...


You could see an acid dragon (catching breath, ally target), an ice beast and a
friendly orc warrior.

Vanquished Creatures
  A hornet (D:6)
  Prince Ribbit (D:4)
  A steam dragon (D:7)
  A sky beast (D:6)
  A black bear (D:6)
  2 ogres
  3 phantoms
  4 centaurs
  2 kobold brigands
  3 bullfrogs
  3 scorpions
  A gnoll sergeant (D:7)
  8 wights
  2 howler monkeys
  3 orc priests
  A gnoll bouda (D:4)
  4 hounds
  A jelly (D:7)
  4 iguanas
  An orc wizard (D:4)
  7 gnolls
  6 adders
  2 white imps
  3 ufetubi
  2 dart slugs
  14 orcs
  8 bats
  7 endoplasms
  8 giant cockroaches
  7 hobgoblins
  15 jackals
  19 kobolds
  4 quokkas
  3 ball pythons
  5 frilled lizards
  7 goblins
  4 rats
  2 butterflies (D:6)
170 creatures vanquished.

Vanquished Creatures (collateral kills)
  A wight (D:8)
  An orc (D:8)
2 creatures vanquished.

Vanquished Creatures (others)
  A sky beast (D:7)
  A wight (D:7)
  A hound (D:5)
  2 orc priests
  An orc wizard (D:8)
  8 plants
14 creatures vanquished.

Grand Total: 186 creatures vanquished

Notes
Turn   | Place    | Note
-------+----------+-------------------------------------------
     0 | D:1      | avis the Hill Orc Monk began the quest for the Orb.
     0 | D:1      | Reached XP level 1. HP: 19/19 MP: 1/1
    46 | D:1      | Reached XP level 2. HP: 21/26 MP: 2/2
    60 | D:1      | Reached skill level 5 in Axes
   297 | D:1      | Reached XP level 3. HP: 28/31 MP: 3/3
   847 | D:1      | Found a faded altar of an unknown god.
  1155 | D:2      | Reached skill level 6 in Axes
  1466 | D:2      | Reached XP level 4. HP: 39/39 MP: 4/4
  1862 | D:3      | Noticed a centaur
  1877 | D:3      | Killed a centaur
  1878 | D:3      | Reached skill level 7 in Axes
  1878 | D:3      | Reached XP level 5. HP: 17/45 MP: 5/5
  2280 | D:3      | Found a hide-covered altar of Uskayaw.
  3075 | D:4      | Noticed an ogre
  3086 | D:4      | Killed an ogre
  3087 | D:4      | Reached skill level 8 in Axes
  3087 | D:4      | Reached XP level 6. HP: 7/52 MP: 6/6
  3461 | D:4      | HP: 2/52 [centaur (6)]
  3478 | D:4      | Reached skill level 9 in Axes
  3558 | D:4      | Reached XP level 7. HP: 11/59 MP: 7/7
  3559 | D:4      | Reached skill level 10 in Axes
  4033 | D:4      | Found a staircase to the Ecumenical Temple.
  4039 | Temple   | Entered the Ecumenical Temple
  4774 | D:5      | Entered Level 5 of the Dungeon
  4852 | D:5      | Noticed Prince Ribbit
  5089 | D:4      | Killed Prince Ribbit
  5241 | D:5      | Reached skill level 5 in Fighting
  5245 | D:5      | Reached skill level 11 in Axes
  5595 | D:4      | Reached XP level 8. HP: 60/68 MP: 6/8
  6063 | D:5      | Became a worshipper of Beogh the Brigand
  6063 | D:5      | Reached * piety under Beogh
  6063 | D:5      | Reached ** piety under Beogh
  6098 | D:5      | Reached skill level 12 in Axes
  6174 | D:5      | Got Weogee Kaut's Anthology of Cunning Transmutation
  6341 | D:5      | Reached skill level 1 in Invocations
  6983 | D:6      | Found a shimmering altar of Xom.
  7221 | D:6      | Reached skill level 13 in Axes
  7688 | D:6      | Reached XP level 9. HP: 75/75 MP: 11/11
  8303 | D:7      | Noticed a hornet
  8303 | D:7      | Found Caplanto's Antique Armour Boutique.
  8323 | D:6      | Reached skill level 14 in Axes
  8323 | D:6      | Reached skill level 5 in Invocations
  8325 | D:6      | Killed a hornet
  8645 | D:7      | Bought a translucent chain mail for 294 gold pieces
  8645 | D:7      | Identified the +5 chain mail of Fortification {rN+ Will+
                  | MP-9} (You bought it in a shop on level 7 of the Dungeon)
  9569 | D:7      | Reached *** piety under Beogh
 10603 | D:8      | HP: 5/105 [ice beast (1)]
 10603 | D:8      | Slain by an ice beast

Illustrated notes

Levels and vault maps discovered:
D:1:      lightli_arrival_boilingwater, layout_basic,
          shapermc_ecumenical_altar_petra
D:2:      layout_basic, minmay_stone_trees_small, minmay_hexomino_p4
D:3:      layout_rooms, mainiacjoe_overflow_six_doors_small, serial_bayou,
          serial_bayou_lagoon_a, serial_bayou_shore_b, serial_bayou_ford_a,
          serial_bayou_shore_b, serial_bayou_lake_a
D:4:      layout_loops_ring, minmay_temple_entry_ruins, portal_sewer_entry_f,
          minmay_misc_feat_diagonals
D:5:      layout_loops_ring, minmay_holes, uniq_prince_ribbit1
D:6:      layout_basic, xom_butterflies, serial_park_tiny_1,
          nicolae_concentric_dashed_squares_wild
D:7:      layout_cave_pods, serial_shops, nicolae_stop_n_shop_1
D:8:      layout_rooms, mainiacjoe_overflow_cross_hatched, lemuel_crystal_altar,
          fungi_pond_lemuel, uniq_erica
Temple:   dpeg_chambers_temple

Skill      XL: |  1  2  3  4  5  6  7  8  9 |
---------------+----------------------------+-----
Axes           | 5 6 7 8 9 11 13 14 | 14.0
Fighting       | 4 5 6 7 |  7.5
Invocations    | 3 6 |  6.8
Dodging        | 4 |  4.1
Stealth        | |  1.5

Action                   |  1- 3 |  4- 6 |  7- 9 || total
-------------------------+-------+-------+-------++-------
Melee: Hand axe          |   115 |   119 |   418 ||   652
       Punch             |     1 |     2 |     8 ||    11
 Fire: Shortbow          |       |    23 |   112 ||   135
Throw: Boomerang         |    51 |       |       ||    51
       Dart              |       |       |     2 ||     2
Invok: Convert to Beogh  |       |       |     1 ||     1
  Use: Potion            |       |     1 |     7 ||     8
       Scroll            |       |       |     7 ||     7
 Stab: Sleeping          |     1 |       |       ||     1
Armor: Robe              |     3 |       |       ||     3
       Chain mail        |    47 |   127 |   236 ||   410
       Skin              |       |       |     2 ||     2
Dodge: Dodged            |    50 |    71 |   228 ||   349
